 Dungeon Crawl Stone Soup version 0.19-a0-1401-g902f63d (webtiles) character file.

10267 epen the Spear-Bearer (level 11, -6/85 HPs)
             Began as a Merfolk Monk on Sept 4, 2016.
             Was a High Priest of Makhleb.
             Mangled by a spiny frog (16 damage)
             ... on level 2 of the Lair of Beasts.
             The game lasted 00:21:26 (11532 turns).

epen the Spear-Bearer (Merfolk Monk)               Turns: 11532, Time: 00:21:26

Health: -6/85      AC: 13    Str: 15    XL:     11   Next: 59%
Magic:  18/18      EV: 15    Int: 10    God:    Makhleb [*****.]
Gold:   507        SH:  0    Dex: 16    Spells: 0 memorised, 10 levels left

rFire  . . .     SeeInvis .     N - +1 trident (flame)
rCold  + + .     Gourm    .     J - +1 chain mail {rC+}
rNeg   . . .     Faith    .     (no shield)
rPois  .         Spirit   .     (no helmet)
rElec  .         Dismiss  .     (no cloak)
rCorr  .         Reflect  .     s - +1 pair of gloves
MR     .....     Harm     .     (no boots)
Stlth  ..........               j - amulet of regeneration
                                K - +4 ring of evasion
                                f - ring of protection from cold

@: no status effects
A: change form in water, swift swim, stealthy swim
a: Minor Destruction, Lesser Servant of Makhleb, Major Destruction, Greater
Servant of Makhleb, Renounce Religion


You were on level 2 of the Lair of Beasts.
You worshipped Makhleb.
Makhleb was extremely pleased with you.
You were not hungry.

You visited 3 branches of the dungeon, and saw 12 of its levels.

You collected 608 gold pieces.
You spent 101 gold pieces at shops.

Inventory:

Hand Weapons
 p - a +1 halberd of chopping
 N - a +1 trident of flaming (weapon)
Missiles
 u - 5 throwing nets (quivered)
Armour
 l - a +0 scale mail
 s - a +1 pair of gloves (worn)
 J - a +1 chain mail of cold resistance (worn)
 P - a +2 shield
Jewellery
 f - a ring of protection from cold (left hand)
 j - an amulet of regeneration (around neck)
 E - an uncursed amulet of rage
 K - a +4 ring of evasion (right hand)
Wands
 v - a wand of confusion (27/48)
 x - a wand of random effects (19/48)
 y - a wand of confusion (24/48)
 F - a wand of iceblast (4/15)
 O - a wand of slowing (47/48)
 Q - a wand of digging (17/24)
Scrolls
 g - a scroll of fear
 i - 3 scrolls of amnesia
 k - a scroll of immolation
 m - a scroll of blinking
 q - a scroll of enchant weapon
 r - a scroll of brand weapon
 w - 2 scrolls of enchant armour
 R - a scroll of fog
Potions
 b - a potion of beneficial mutation
 d - 4 potions of brilliance
 e - 5 potions of heal wounds
 n - 2 potions of might
 t - a potion of berserk rage
 z - 5 potions of curing
 A - 2 potions of invisibility
 C - a potion of resistance {unknown}
 G - a potion of flight
 I - a potion of cure mutation
 L - a potion of haste
 M - a potion of cancellation {unknown}
 S - a potion of lignification
Books
 H - a book of Summonings

   Spells                             Type                      Level
   a - Recall                         Summoning/Translocation      3
   b - Aura of Abjuration             Summoning                    5
   c - Summon Demon                   Summoning                    5
   d - Summon Forest                  Summoning/Translocation      5
   e - Summon Mana Viper              Hexes/Summoning              5
   f - Shadow Creatures               Summoning                    6
 T - a book of Changes

   Spells                             Type                      Level
   a - Beastly Appendage              Transmutation                1
   b - Sticks to Snakes               Transmutation                2
   c - Spider Form                    Transmutation/Poison         3
   d - Ice Form                       Ice/Transmutation            4
   e - Blade Hands                    Transmutation                5
Miscellaneous
 o - a phial of floods
Comestibles
 a - 2 meat rations
 c - 9 bread rations
 h - 7 chunks of flesh
 B - 8 beef jerkies
 D - a slice of pizza


   Skills:
 + Level 7.7 Fighting
 + Level 10.6 Polearms
 * Level 7.2 Armour
 + Level 9.7 Dodging
 - Level 2.1 Stealth
 * Level 4.2 Shields
 * Level 9.5 Invocations
 + Level 2.0 Evocations


You had 10 spell levels left.
You didn't know any spells.

Dungeon Overview and Level Annotations

Branches:
Dungeon (9/15)             Temple (1/1) D:6            Lair (2/6) D:8
 Shoals (0/4) Lair:2
  Snake: Lair:2-4    Spider: Lair:2-4       Orc: D:9-12

Altars:
Elyvilon
Gozag
Kikubaaqudgha
Makhleb
Nemelex Xobeh
Qazlal
Ru
Sif Muna
Trog
Yredelemnul
The Shining One

Shops:
D:7 %   D:8 (


Message History

You feel sick.
The spiny frog stings you but does no damage.
Your chain mail prevents you from hitting the spiny frog.
The spiny frog is severely wounded.
You feel sick. The spiny frog completely misses you.
You puncture the spiny frog! You burn the spiny frog.
The spiny frog is almost dead.
You feel sick. The spiny frog stings you.
* * * LOW HITPOINT WARNING * * *
You are too injured to fight recklessly!
You are too injured to fight recklessly!
You are too injured to fight recklessly!
You barely miss the spiny frog.
The spiny frog is almost dead.
You feel sick. The spiny frog stings you!
* * * LOW HITPOINT WARNING * * *
You are more poisoned.
The spiny frog poisons you!
You feel better. The spiny frog stings you!
You die...

#... ............ ##..
....P.P..PP.. . ....
#P.P.......P. .. ...
#............ .# #.#
##.P..P..P...P .# #.##
#P...PP....... .#####..#
#...†..>...PP
.##P##..####.P)P....P...
.......#..##..P.@.......
.............PP.PF.....P
.......######......PPPP.
.......# #....P..PP..
.......# #............
.......# ##...........
.....}.# ....P##.....
.......# ##.#### #....
........


You could see a spiny frog.

Vanquished Creatures
  Pikel (D:8)
  A spiny frog (Lair:1)
  Joseph (D:8)
  A komodo dragon (Lair:2)
  Sigmund (D:3)
  17 yaks (Lair:1)
  A hippogriff (Lair:2)
  A hungry ghost (D:6)
  Grum (D:8)
  The ghost of aronpayne the Skirmisher, an amateur HEFi (D:3)
  4 water moccasins
  3 porcupines
  5 ogres
  3 slaves (D:8)
  A wasp (D:9)
  3 orc warriors
  A phantom (D:5)
  An ice beast (D:9)
  The ghost of ThereIsNoGod the Chopper, an amateur MiGl (D:4)
  A necrophage (D:8)
  5 wolves
  8 centaurs
  4 crocodiles
  A big kobold (D:9)
  A gnoll sergeant (D:9)
  7 giant frogs
  A wyvern skeleton (D:9)
  A water moccasin skeleton (D:7)
  4 scorpions
  2 howler monkeys
  A giant frog zombie (D:9)
  7 crimson imps
  A centaur zombie (D:6)
  4 jellies
  A human zombie (D:4)
  A hound (D:6)
  4 orc priests
  A quasit (D:9)
  A giant frog skeleton (D:4)
  Terence (D:2)
  An iguana (D:5)
  7 orc wizards
  Natasha (thrice) (D:2 D:4)
  7 worker ants
  2 killer bee zombies
  A hound zombie (D:7)
  A worker ant zombie (D:6)
  Robin (D:2)
  15 gnolls
  13 adders
  A howler monkey skeleton (D:6)
  7 river rats (Lair:2)
  2 shadow imps
  4 oozes
  An adder skeleton (D:4)
  2 worms
  A dart slug (D:1)
  A giant gecko (D:2)
  43 orcs
  9 bats
  7 giant cockroaches
  21 goblins
  12 hobgoblins
  5 jackals
  15 kobolds
  A quokka (D:5)
  A ball python (D:6)
  5 giant newts
  A kobold zombie (D:4)
  9 rats
304 creatures vanquished.

Vanquished Creatures (collateral kills)
  An orc warrior (D:8)
1 creature vanquished.

Vanquished Creatures (others)
  An iguana (D:8)
1 creature vanquished.

Grand Total: 306 creatures vanquished

Notes
Turn   | Place    | Note
-------+----------+-------------------------------------------
     0 | D:1      | epen the Merfolk Monk began the quest for the Orb.
     0 | D:1      | Reached XP level 1. HP: 18/18 MP: 1/1
   398 | D:1      | Reached XP level 2. HP: 20/24 MP: 2/2
   572 | D:1      | Reached skill level 1 in Armour
   576 | D:1      | Reached XP level 3. HP: 18/29 MP: 3/3
  1453 | D:2      | Noticed Terence
  1462 | D:2      | Killed Terence
  1462 | D:2      | Reached XP level 4. HP: 37/37 MP: 4/4
  1752 | D:2      | Noticed Natasha
  1762 | D:2      | Killed Natasha
  1762 | D:2      | Reached skill level 5 in Polearms
  1762 | D:2      | Reached skill level 5 in Dodging
  1809 | D:2      | Noticed Natasha
  1824 | D:2      | Killed Natasha
  1824 | D:2      | Reached XP level 5. HP: 14/42 MP: 5/5
  2530 | D:2      | Noticed an ogre
  2548 | D:2      | Killed an ogre
  2548 | D:2      | Reached XP level 6. HP: 21/49 MP: 6/6
  2741 | D:2      | Found a burning altar of Makhleb.
  2796 | D:2      | Became a worshipper of Makhleb the Destroyer
  2796 | D:2      | Reached * piety under Makhleb
  2796 | D:2      | Reached ** piety under Makhleb
  2837 | D:2      | You fall through a shaft for 2 floors!
  2837 | D:4      | Noticed Natasha
  2845 | D:4      | Killed Natasha
  2972 | D:4      | Reached skill level 1 in Invocations
  3035 | D:4      | Noticed ThereIsNoGod's ghost (amateur MiGl)
  3148 | D:4      | Reached XP level 7. HP: 51/55 MP: 8/8
  3244 | D:3      | Noticed Sigmund
  3249 | D:3      | Reached skill level 6 in Polearms
  3321 | D:3      | Killed Sigmund
  3506 | D:4      | Killed ThereIsNoGod's ghost
  3702 | D:3      | Noticed aronpayne's ghost (amateur HEFi)
  3717 | D:3      | Killed aronpayne's ghost
  3717 | D:3      | Reached XP level 8. HP: 25/61 MP: 10/10
  3786 | D:3      | Found a white marble altar of Elyvilon.
  3801 | D:3      | Reached skill level 5 in Fighting
  4358 | D:2      | Noticed Robin
  4376 | D:2      | Reached *** piety under Makhleb
  4383 | D:2      | Killed Robin
  5160 | D:5      | Entered Level 5 of the Dungeon
  5351 | D:5      | Reached skill level 7 in Polearms
  5484 | D:5      | Found a sacrificial altar of Ru.
  5781 | D:5      | Reached skill level 5 in Invocations
  5903 | D:6      | Found a staircase to the Ecumenical Temple.
  5992 | D:6      | Reached XP level 9. HP: 66/68 MP: 12/12
  6187 | D:6      | Found a basalt altar of Yredelemnul.
  6188 | D:6      | Found an ancient bone altar of Kikubaaqudgha.
  6336 | D:6      | Found a stormy altar of Qazlal.
  6377 | D:6      | Reached **** piety under Makhleb
  6853 | D:6      | Reached skill level 8 in Polearms
  6853 | D:6      | Reached skill level 5 in Armour
  7090 | Temple   | Entered the Ecumenical Temple
  7192 | D:7      | Found Vagesaiss's Food Emporium.
  7315 | D:7      | Found a bloodstained altar of Trog.
  7854 | D:7      | Found a deep blue altar of Sif Muna.
  7913 | D:8      | Found a sparkling altar of Nemelex Xobeh.
  7943 | D:8      | Noticed Joseph
  7986 | D:8      | Killed Joseph
  8049 | D:8      | You fall through a shaft!
  8117 | D:9      | Reached skill level 9 in Polearms
  8262 | D:8      | Reached XP level 10. HP: 45/77 MP: 15/15
  8304 | D:8      | Noticed Grum
  8311 | D:8      | Killed Grum
  8512 | D:8      | Found a staircase to the Lair.
  8567 | D:8      | Found Cicirus's Antique Weapon Shop.
  8591 | D:8      | Bought a runed trident for 101 gold pieces
  8758 | D:8      | Noticed Pikel
  8807 | D:8      | Killed Pikel
  9043 | D:9      | Reached ***** piety under Makhleb
  9286 | D:9      | Paralysed by a wasp for 2 turns
  9342 | D:9      | Reached skill level 1 in Shields
  9368 | D:9      | Noticed an ice dragon
 10070 | Lair:1   | Entered Level 1 of the Lair of Beasts
 10080 | Lair:1   | Reached skill level 10 in Polearms
 10275 | Lair:1   | Reached XP level 11. HP: 79/84 MP: 17/17
 10382 | Lair:1   | Got a twisted ring mail
 10393 | Lair:1   | Identified the cursed +0 ring mail "Onisy" {Stlth+} (You found it on level 1 of the Lair of Beasts)
 10991 | Lair:1   | Reached skill level 1 in Evocations
 11492 | Lair:2   | Found a staircase to the Shoals.
 11531 | Lair:2   | HP: 2/85 [spiny frog (17)]
 11532 | Lair:2   | Mangled by a spiny frog

Vault maps used:
D:1:      minmay_arrival_nine_rooms, st_stairs_3
D:2:      marbit_many_paths, uniq_robin, uniq_terence, uniq_natasha
D:3:      elyvilon_altar_5, uniq_sigmund
D:4:      enter_ossuary_3, hangedman_decor_riveting
D:5:      nicolae_ru_the_path_less_chosen, first_bread
D:6:      grunt_qazlal_sundering, gammafunk_temple_overflow_pools
D:7:      nicolae_whirlpool, kennysheep_mini_moat, serial_shops, shop,
          bloody_trog
D:8:      lair_0_dummy, serial_shops, shop, grunt_ogre_cave,
          kennysheep_nondescript, corexii_hall_statues_deadend,
          nemelex_spade_bored_becter, uniq_joseph, uniq_pikel, uniq_grum
D:9:      dragon1_lemuel
Temple:   cyrus_circular_temple
Lair:1:   st_stairs_12, infiniplex_staircase_pool_2
Lair:2:   minmay_shoals_entry_centaurs, uniq_erica

Skill      XL: |  1  2  3  4  5  6  7  8  9 10 11 |
---------------+----------------------------------+-----
Armour         | 1 2 3 4 5 6 7 |  7.2
Polearms       | 5 6 7 9 10 | 10.6
Dodging        | 5 6 7 8 9 |  9.7
Fighting       | 4 5 6 7 |  7.7
Invocations    | 2 3 5 7 8 9 |  9.5
Shields        | 2 4 |  4.2
Evocations     | 2 |  2.0
Stealth        | |  2.1

Action                   |  1- 3 |  4- 6 |  7- 9 | 10-12 || total
-------------------------+-------+-------+-------+-------++-------
Melee: Spear             |    38 |       |       |       ||    38
       Dagger            |    54 |   182 |     2 |       ||   238
       Halberd           |       |       |   635 |    17 ||   652
       Trident           |       |       |       |   620 ||   620
       Glaive            |       |       |       |    60 ||    60
       Tailslap          |       |       |       |    21 ||    21
Invok: Lesser Servant of |       |       |     1 |       ||     1
  Use: Potion            |     1 |       |       |     1 ||     2
       Scroll            |       |       |    20 |     6 ||    26
 Stab: Sleeping          |     8 |       |       |       ||     8
       Distracted        |     1 |       |       |       ||     1
  Eat: Chunk             |     2 |     5 |    18 |    11 ||    36
       Bread ration      |       |       |     1 |       ||     1
       Pizza             |       |       |     2 |       ||     2
       Royal jelly       |       |       |     1 |       ||     1
Armor: Robe              |    11 |     2 |       |       ||    13
       Scale mail        |       |    45 |   179 |       ||   224
       Chain mail        |       |       |       |   134 ||   134
Dodge: Dodged            |    60 |    93 |   398 |   348 ||   899
